Map: Acropolis LE

Players

Elazer - Winner!

  • Race: Zerg Zerg
  • League: Grandmaster
  • Spawn Location: 5:00

HellraiseR

  • Race: Protoss Protoss
  • Spawn Location: 11:00

Event: HomeStory Cup XIX

VOD

Have the link to the VOD?

Description

Time

  • Played on: June 28, 2019, 7:29 a.m.
  • Length: 16:57
Show
View Real Time Build Order
Export as new Build Order

Elazer Zerg - Winner!

Build Orders: Hatch First 

Get SALT Encoding   

  12  0:00  Drone  
  13  0:13  Overlord  
  13  0:16  Drone  
  14  0:31  Drone x2  
  16  0:47  Hatchery  
  15  0:51  Drone  
  15  0:54  Drone  
  17  0:58  Drone  
  18  1:08  Extractor  
  17  1:13  Spawning Pool  
  17  1:16  Drone  
  17  1:21  Drone  
  18  1:29  Drone  
  19  1:39  Drone  
  20  1:51  Drone  
  21  2:00  Queen x2  
  21  2:01  Zergling x2, Overlord  
  26  2:11  Zergling x2  
  26  2:12  Drone  
  28  2:21  Drone  
  28  2:22  Drone  
  30  2:30  Hatchery  
  30  2:31  Drone  
  30  2:33  Drone  
  31  2:40  Queen  
  33  2:45  Metabolic Boost  
  33  2:49  Overlord  
  33  2:52  Drone  
  33  2:57  Zergling x2  
  33  2:58  Drone  
  35  3:07  Drone  
  35  3:08  Drone  
  35  3:09  Drone x4  
  41  3:13  Overlord  
  41  3:19  Queen  
  41  3:30  Drone, Spore Crawler  
  41  3:31  Drone x2  
  41  3:33  Drone  
  42  3:41  Drone x2  
  42  3:45  Drone x3  
  47  3:49  Drone x2  
  47  3:51  Drone x2  
  47  3:53  Drone  
  53  3:56  Drone x2  
  53  3:59  Spore Crawler  
  53  4:01  Drone  
  56  4:02  Drone  
  56  4:07  Drone x2  
  57  4:14  Drone x3  
  57  4:16  Drone  
  58  4:23  Spore Crawler x2  
  56  4:25  Drone x2  
  56  4:29  Overlord  
  58  4:35  Drone x2  
  58  4:40  Lair  
  58  4:44  Drone, Extractor  
  58  4:47  Drone x4  
  58  4:48  Drone x3  
  58  4:50  Drone  
  66  4:54  Evolution Chamber  
  66  4:55  Drone, Extractor  
  66  4:56  Overlord  
  66  4:58  Drone  
  66  5:04  Baneling Nest  
  66  5:05  Drone  
  66  5:07  Overlord  
  66  5:11  Extractor  
  66  5:12  Drone  
  66  5:15  Overlord  
  66  5:16  Drone x4  
  66  5:17  Drone  
  66  5:19  Zerg Melee Weapons Level 1  
  66  5:20  Drone x3  
  74  5:25  Drone x5  
  74  5:27  Drone x2  
  77  5:33  Queen  
  77  5:35  Drone x2  
  81  5:41  Extractor  
  79  5:43  Extractor  
  79  5:46  Overlord  
  79  5:47  Centrifical Hooks, Hydralisk Den  
  77  5:55  Drone x3  
  77  5:56  Zergling x6  
  82  6:00  Overlord  
  82  6:01  Pneumatized Carapace  
  82  6:03  Hatchery  
  82  6:04  Zergling x8  
  84  6:07  Zergling x6  
  88  6:17  Hydralisk, Overlord  
  88  6:18  Grooved Spines  
  90  6:22  Zergling x4, Hydralisk  
  90  6:23  Hydralisk x2  
  98  6:29  Overlord  
  98  6:39  Hydralisk x4  
  105  6:40  Overseer  
  105  6:42  Overlord  
  105  6:51  Drone x9  
  105  6:52  Drone  
  113  6:58  Overlord  
  113  7:02  Overlord  
  113  7:05  Baneling x4  
  113  7:06  Hydralisk x4  
  121  7:15  Zerg Melee Weapons Level 2  
  121  7:22  Baneling x6  
  121  7:24  Zergling x20  
  121  7:29  Muscular Augments  
  131  7:31  Drone x3  
  131  7:33  Extractor  
  133  7:38  Hydralisk x3, Overlord  
  133  7:39  Hatchery  
  133  7:43  Drone  
  135  7:59  Overlord  
  135  8:03  Infestation Pit  
  135  8:04  Drone x6  
  140  8:05  Spine Crawler  
  140  8:06  Spine Crawler  
  140  8:07  Spine Crawler  
  140  8:09  Drone x2  
  140  8:10  Drone, Extractor  
  139  8:14  Hydralisk x6  
  151  8:20  Zergling x12  
  151  8:24  Zergling x4  
  159  8:33  Overlord  
  157  8:36  Baneling x12  
  157  8:37  Zergling x4  
  157  8:39  Overlord x2  
  159  8:43  Overlord  
  159  8:44  Hive  
  159  8:50  Pathogen Glands  
  159  8:53  Spine Crawler x2  
  159  8:55  Drone x6  
  162  8:56  Drone, Spine Crawler  
  162  9:00  Hydralisk x4  
  171  9:03  Zergling x6  
  171  9:07  Baneling  
  171  9:08  Baneling x3  
  174  9:10  Zergling x12  
  179  9:19  Baneling  
  179  9:20  Baneling x4  
  179  9:21  Baneling x6  
  179  9:22  Baneling x3  
  179  9:23  Zergling x2  
  179  9:24  Zergling x14  
  187  9:32  Zerg Missile Weapons Level 1  
  187  9:37  Zergling x20  
  189  9:38  Baneling x8  
  189  9:39  Baneling x4  
  183  9:51  Spire  
  183  9:52  Infestor x4  
  182  9:54  Overlord  
  182  9:56  Extractor  
  182  9:57  Spore Crawler  
  188  10:00  Drone x2, Spine Crawler x3  
  188  10:01  Drone  
  188  10:04  Adrenal Glands  
  188  10:09  Spore Crawler  
  188  10:12  Neural Parasite  
  188  10:14  Zergling x10  
  192  10:17  Spine Crawler  
  191  10:21  Infestor x2  
  191  10:27  Overseer  
  194  10:47  Infestor  
  194  10:49  Overlord x2  
  195  10:51  Overlord  
  195  10:54  Hatchery  
  195  10:56  Baneling x6  
  195  10:57  Baneling x2  
  191  11:11  Greater Spire  
  184  11:12  Evolution Chamber  
  181  11:20  Drone x8  
  181  11:25  Spore Crawler  
  188  11:26  Zerg Melee Weapons Level 3, Spore Crawler x3  
  188  11:27  Spore Crawler  
  188  11:29  Drone x8  
  188  11:30  Drone  
  193  11:36  Spore Crawler  
  193  11:37  Spore Crawler  
  193  11:39  Spore Crawler  
  190  11:43  Spore Crawler x2  
  190  11:44  Spore Crawler x3  
  190  11:45  Infestor  
  190  11:46  Infestor x7  
  198  11:53  Zergling x22  
  199  12:01  Overseer  
  199  12:02  Overseer  
  199  12:07  Spire  
  177  12:44  Zergling x14  
  177  12:45  Zergling x6  
  184  12:52  Zerg Flyer Weapons Level 1  
  184  12:53  Zerg Ground Armor Level 1  
  178  13:09  Baneling  
  178  13:10  Baneling x8  
  178  13:11  Zergling x4  
  178  13:12  Zergling x10  
  181  13:14  Zergling x6  
  181  13:15  Zergling x4  
  181  13:16  Baneling x9  
  181  13:19  Infestor x6  
  192  13:23  Zerg Flyer Armor Level 1  
  198  13:32  Zergling x4  
  198  13:38  Baneling  
  198  13:39  Baneling x3  
  198  13:40  Baneling x2  
  198  13:41  Baneling x2  
  194  13:54  Baneling x8  
  191  14:01  Corruptor x4  
  197  14:14  Corruptor  
  199  14:21  Spine Crawler x2  
  199  14:22  Drone x2, Extractor, Spine Crawler x4  
  199  14:23  Drone, Spine Crawler x2  
  199  14:24  Drone x3, Extractor  
  195  14:25  Drone x3  
  195  14:26  Infestor  
  200  14:37  Baneling x5  
  200  14:38  Baneling  
  189  15:01  Spore Crawler x2  
  189  15:02  Spore Crawler x2  
  189  15:03  Infestor x7  
  189  15:04  Spore Crawler  
  189  15:05  Spore Crawler  
  189  15:06  Corruptor x2  
  195  15:07  Spore Crawler  
  195  15:08  Spore Crawler x2  
  195  15:09  Spore Crawler x2  
  189  15:14  Spore Crawler  
  189  15:20  Spore Crawler  
  189  15:21  Spore Crawler  
  182  15:22  Spore Crawler  
  182  15:26  Corruptor x7  
  182  15:27  Spore Crawler x3  
  182  15:28  Spore Crawler  
  189  15:29  Spore Crawler  
  188  15:36  Burrow  
  188  15:45  Corruptor  
  188  15:46  Overlord  
  188  15:47  Overlord x2  
  161  16:07  Corruptor x11  
  154  16:18  Corruptor x2  
  136  16:39  Zergling x14  
Show
View Real Time Build Order
Export as new Build Order

HellraiseR Protoss 

Build Orders: 1 Gate Expand, Oracle Opening, Archon Immortal, Carriers 

Get SALT Encoding   

  12  0:00  Probe  
  13  0:12  Probe  
  14  0:20  Pylon  
  14  0:21  Probe  
  15  0:34  Probe  
  15  0:38  Gateway  
  16  0:46  Probe  
  16  0:48  Assimilator  
  17  0:58  Probe  
  18  1:10  Probe  
  19  1:20  Nexus  
  19  1:22  Probe  
  20  1:33  Cybernetics Core  
  20  1:35  Probe  
  21  1:41  Assimilator  
  21  1:47  Probe  
  21  1:50  Pylon  
  22  1:59  Probe, Adept  
  23  2:11  Probe  
  26  2:19  Adept  
  26  2:24  Probe  
  26  2:25  Stargate  
  26  2:28  Probe  
  29  2:36  Probe x2, Warp Gate  
  32  2:48  Probe x2  
  32  2:49  Stalker  
  36  3:00  Probe x2  
  36  3:03  Oracle  
  38  3:12  Probe x2  
  43  3:23  Gateway  
  43  3:24  Probe x2  
  45  3:32  Oracle  
  43  3:36  Probe x2  
  43  3:44  Pylon  
  43  3:46  Shield Battery  
  46  3:50  Assimilator  
  46  3:52  Assimilator  
  46  3:59  Forge  
  46  4:02  Probe x2, Pylon  
  48  4:07  Oracle  
  48  4:14  Probe x2  
  50  4:22  Pylon  
  53  4:24  Adept  
  53  4:25  Adept  
  53  4:26  Probe x2  
  59  4:35  Robotics Facility  
  59  4:39  Probe x2  
  59  4:40  Phoenix  
  61  4:46  Nexus  
  61  4:51  Probe  
  64  4:53  Protoss Ground Weapons Level 1  
  64  4:55  Probe  
  64  4:59  Pylon  
  65  5:03  Probe  
  66  5:07  Probe  
  67  5:15  Probe  
  67  5:17  Twilight Council  
  67  5:19  Probe  
  69  5:21  Observer  
  69  5:28  Probe  
  67  5:30  Sentry, Zealot  
  67  5:31  Shield Battery, Immortal  
  67  5:34  Pylon  
  72  5:37  Probe  
  72  5:41  Gateway  
  72  5:42  Gateway  
  73  5:44  Probe  
  73  5:49  Pylon  
  78  5:53  Charge, Probe  
  79  5:58  Probe, Templar Archives, Immortal  
  81  6:05  Probe  
  81  6:10  Probe  
  81  6:11  Assimilator  
  82  6:12  Probe  
  82  6:13  Assimilator  
  82  6:17  Probe  
  88  6:22  Probe  
  88  6:24  Probe  
  90  6:29  Probe, Gateway  
  90  6:31  Immortal  
  91  6:33  Gateway  
  91  6:34  Probe  
  91  6:36  Probe  
  97  6:41  Probe  
  97  6:46  Probe  
  99  6:52  Gateway  
  99  6:57  Protoss Ground Weapons Level 2  
  99  6:59  Psionic Storm  
  99  7:00  Immortal  
  95  7:04  Pylon  
  95  7:05  Shield Battery, High Templar x2  
  99  7:08  Photon Cannon  
  99  7:09  Shield Battery  
  103  7:17  Photon Cannon  
  103  7:18  Pylon  
  103  7:23  Gateway  
  103  7:30  Immortal  
  103  7:32  High Templar x2  
  103  7:33  Zealot x2  
  103  7:36  Photon Cannon  
  111  7:41  High Templar  
  111  7:42  Zealot  
  119  7:46  Probe  
  119  7:47  Probe  
  121  7:52  Probe  
  120  7:58  Probe  
  120  7:59  Pylon  
  120  8:01  Immortal, Pylon  
  120  8:03  Shield Battery  
  123  8:10  Pylon  
  123  8:12  Pylon  
  125  8:14  Pylon  
  125  8:19  Photon Cannon  
  125  8:25  Nexus  
  125  8:27  Pylon  
  125  8:28  High Templar x2  
  125  8:31  Immortal  
  128  8:34  Archon  
  128  8:35  Zealot, High Templar x2  
  128  8:36  Zealot x3  
  128  8:40  Archon  
  140  8:47  Probe x2  
  144  8:58  Fleet Beacon  
  144  9:05  Shield Battery  
  144  9:06  Shield Battery  
  144  9:07  Shield Battery  
  144  9:08  Observer  
  144  9:10  Photon Cannon  
  144  9:11  Photon Cannon  
  145  9:21  Assimilator  
  145  9:24  Stalker, Assimilator, Stargate, Protoss Shields Level 1  
  145  9:25  Stalker  
  145  9:27  Stalker  
  151  9:38  Immortal  
  143  9:44  Tempest  
  141  9:46  Probe  
  150  10:02  Tempest  
  150  10:04  Probe x2  
  150  10:06  Protoss Air Weapons Level 1, Photon Cannon  
  152  10:13  Photon Cannon, Tempest  
  157  10:15  Photon Cannon  
  157  10:26  Zealot  
  157  10:27  Zealot x4  
  170  10:36  Zealot x3  
  170  10:41  Pylon  
  170  10:42  Carrier  
  176  10:43  Carrier  
  181  10:56  Pylon  
  182  11:00  Cybernetics Core  
  171  11:18  Zealot  
  171  11:19  Zealot x7  
  185  11:30  Pylon  
  185  11:36  Carrier  
  185  11:40  Pylon  
  185  11:41  Stargate  
  185  11:45  Protoss Shields Level 2  
  185  11:46  Stargate  
  189  11:47  Protoss Air Armor Level 1  
  189  11:48  Carrier  
  177  11:54  Nexus  
  177  11:56  Pylon  
  183  12:13  High Templar x2  
  187  12:16  Zealot  
  187  12:17  Zealot  
  187  12:21  Protoss Air Weapons Level 2  
  189  12:30  Carrier  
  168  12:38  Carrier  
  168  12:39  Carrier  
  151  12:46  Carrier  
  153  12:51  Probe  
  153  12:52  Probe  
  153  12:55  Probe  
  153  12:57  Probe  
  162  13:03  Probe  
  162  13:04  Probe  
  164  13:07  Probe  
  164  13:09  Probe  
  164  13:15  Probe  
  164  13:16  Probe  
  164  13:19  Probe  
  167  13:21  Probe  
  168  13:28  Probe  
  168  13:29  Probe  
  168  13:31  Probe  
  168  13:33  Probe  
  172  13:35  Carrier  
  172  13:38  High Templar x2  
  172  13:40  Probe  
  172  13:41  Probe  
  178  13:42  Archon  
  178  13:43  Probe  
  178  13:46  Probe  
  179  13:52  Probe  
  179  13:53  Probe  
  179  14:09  High Templar x5  
  187  14:11  High Templar  
  187  14:15  Archon x2  
  188  14:29  Photon Cannon  
  188  14:30  Photon Cannon x2  
  188  14:32  Pylon x2  
  172  15:00  Zealot x4  
  167  15:34  Pylon  
  167  15:35  Pylon  
  167  15:37  Pylon  
  144  15:58  Archon  
  132  16:08  Zealot x5  
  110  16:20  Zealot  
  102  16:33  Zealot x2  
  102  16:34  Zealot x3  
  112  16:44  Gateway  
  112  16:50  Pylon  
  112  16:52  Nexus  
Tags
 
Add a new tag
Caveats
  • Supply blocks, unpowered buildings, or Contaminate may cause inaccurate times.
  • Supply counts are checked every 10 seconds.